 Dungeon Crawl Stone Soup version 0.22-a0-40-g3d2f077 (webtiles) character file.

119544 Gorice the Severer (level 16, -1/149 HPs)
             Began as a Hill Orc Wanderer on Jan 3, 2018.
             Was the Champion of Beogh.
             Slain by a tarantella (4 damage)
             ... on level 3 of the Lair of Beasts on Jan 4, 2018.
             The game lasted 02:54:57 (35518 turns).

Gorice the Severer (Hill Orc Wanderer)             Turns: 35518, Time: 02:54:57

Health: -1/149     AC: 32    Str: 21    XL:     16   Next: 79%
Magic:  25/25      EV:  8    Int: 12    God:    Beogh [******]
Gold:   1512       SH:  0    Dex: 11    Spells: 19/19 levels left

rFire    . . .     SeeInvis .   a - +2 battleaxe (freeze)
rCold    + + .     Gourm    +   (shield currently unavailable)
rNeg     . . .     Faith    .   G - +6 chain mail of Parts Unknown {-Cast rC+ MR++}
rPois    +         Spirit   .   P - +2 helmet
rElec    .         Reflect  .   h - +1 cloak
rCorr    .         Harm     .   Q - +1 pair of gloves
MR       +++..     NoCast   +   R - +2 pair of boots of the Assassin {Detection Stab+ Stlth++}
Stlth    ..........             J - amulet of the gourmand
HPRegen  0.34/turn              c - ring of protection from cold
MPRegen  0.19/turn              p - ring of poison resistance

@: confused
A: walk on water
a: Smiting, Recall Orcish Followers, Give Item to Named Follower, Resurrection,
Renounce Religion


You were on level 3 of the Lair of Beasts.
You worshipped Beogh.
Beogh was exalted by your worship.
You were very full.

You visited 5 branches of the dungeon, and saw 25 of its levels.
You also visited: Ossuary and Ice Cave.

You collected 3026 gold pieces.
You spent 1514 gold pieces at shops.

Inventory:

Hand Weapons
 a - a +2 battleaxe of freezing (weapon)
   (You took it off a frost giant in an ice cave)
 b - a +2 hand crossbow
Missiles
 g - 157 bolts
 Z - 2 throwing nets (quivered) {!f}
Armour
 h - a +1 cloak (worn)
 G - the +6 chain mail of Parts Unknown (worn) {-Cast rC+ MR++}
   (You found it on level 5 of the Dungeon)

   It protects you from cold.
   It affects your resistance to hostile enchantments.
   It prevents spellcasting.
 P - a +2 helmet (worn)
 Q - a +1 pair of gloves (worn)
 R - the +2 pair of boots of the Assassin (worn) {Detection Stab+ Stlth++}
   (You bought it in a shop on level 2 of the Orcish Mines)

   It makes you much more stealthy.
Jewellery
 c - a ring of protection from cold (left hand)
 m - an uncursed ring of protection from magic
 p - a ring of poison resistance (right hand)
 J - an amulet of the gourmand (around neck)
 N - the ring "Gecwuj" {rN+ Dex+2}
   (You took it off a deep elf mage on level 14 of the Dungeon)

   [ring of positive energy]

   It affects your dexterity (+2).
   It protects you from negative energy.
Wands
 t - a wand of paralysis (21)
 z - a wand of enslavement (9)
 A - a wand of iceblast (25)
 E - a wand of clouds (4)
 F - a wand of digging (32)
 T - a wand of acid (18)
Scrolls
 d - 7 scrolls of teleportation {!r}
 i - a scroll of magic mapping {!r}
 l - 3 scrolls of blinking
 s - a scroll of fear {!r}
 v - a scroll of summoning {!r}
 x - 3 scrolls of fog
 I - 4 scrolls of remove curse
 V - 5 scrolls of identify
Potions
 o - 10 potions of curing
 q - 3 potions of heal wounds {!q}
 C - a potion of invisibility {!q}
 D - 7 potions of haste {!q}
 H - a potion of berserk rage
 M - 5 potions of might {!q}
 O - 4 potions of cancellation {!q}
 W - 3 potions of agility {!q}
Miscellaneous
 k - 2 sacks of spiders
 L - a lightning rod (4/4) {!a}
Comestibles
 f - 70 rations


   Skills:
 + Level 15.4 Fighting
 - Level 20.0 Axes
 + Level 1.3 Crossbows
 - Level 16.0 Armour
   Level 1.1 Shields
 - Level 2.4 Spellcasting
   Level 1.0 Transmutations
   Level 1.1 Fire Magic
 - Level 12.0 Invocations
 + Level 10.9 Evocations


You had 19 spell levels left.
You didn't know any spells.

Dungeon Overview and Level Annotations

Branches:
Dungeon (15/15)            Temple (1/1) D:4            Lair (6/6) D:8
 Shoals (0/4) Lair:4       Spider (1/4) Lair:3        Slime (0/5) Lair:5
    Orc (2/2) D:9             Elf (0/3) Orc:2        Vaults (0/5) D:14
 Depths (0/5) D:15

Altars:
Ashenzari
Cheibriados
Dithmenos
Elyvilon
Fedhas
Gozag
Hepliaklqana
Kikubaaqudgha
Makhleb
Nemelex Xobeh
Okawaru
Qazlal
Ru
Sif Muna
Trog
Uskayaw
Vehumet
Wu Jian
Xom
Yredelemnul
Zin
The Shining One
Beogh

Shops:
D:6 :   D:10 ?   D:11 *   D:14 [   Orc:2 ([[(

Annotations:
Lair:5 Nergalle


Message History

The wolf spider bites you.
* * * LOW HITPOINT WARNING * * *
Damage: 5 (max 41) Unknown command.
You slash the wolf spider! You freeze the wolf spider.
The wolf spider is lightly wounded.
You closely miss the hog. The hog bites you but does no damage.
The wolf spider hits you!
* * * LOW HITPOINT WARNING * * *
The wolf spider misses you.
Damage: 13 (max 41)
You hit the wolf spider. You freeze the wolf spider.
The wolf spider is moderately wounded.
Your chain mail of Parts Unknown prevents you from hitting the hog.
The hog bites you but does no damage. The wolf spider hits you.
* * * LOW HITPOINT WARNING * * *
The wolf spider barely misses you.
Damage: 4 (max 41)
You hit the wolf spider but do no damage.
The wolf spider is moderately wounded.
You slash the hog! You freeze the hog. The hog bites you but does no damage.
The wolf spider hits you!
* * * LOW HITPOINT WARNING * * *
The wolf spider barely misses you.
Damage: 11 (max 41)
You slice the wolf spider!! You freeze the wolf spider!
The wolf spider is almost dead.
You hit the hog. You freeze the hog. The hog barely misses you.
The wolf spider hits you.
* * * LOW HITPOINT WARNING * * *
The wolf spider bites you!
* * * LOW HITPOINT WARNING * * *
Damage: 13 (max 41)
You slash the wolf spider! You freeze the wolf spider.
You kill the wolf spider!
Beogh accepts your kill.
You hit the tarantella. You freeze the tarantella.
The tarantella is lightly wounded.
You barely miss the hog. The tarantella barely misses you.
The hog closely misses you.
You hit the tarantella. You freeze the tarantella.
The tarantella is heavily wounded.
You slash the hog! You freeze the hog.
You kill the hog!
Beogh accepts your kill. The tarantella bites you!
* * * LOW HITPOINT WARNING * * *
You are confused.
The tarantella bites you.
You die...

#..........#.........##..........
+...............###..##...####...
#.........P.#..##.#.#.#...# ##..)
..........##.....#...#....# #....
#..........##......>......# ###..
#####+#.###.#...##........# #..
#..## ##....#...#..#..# ##. #P.##
##...#†#.#.##..# ##
##..####P...@s....#...## ###
#####..#...................####P#
#.#.......###.......#......##....
..........##..#.P.#.....#........
P##.......................#..#...
###..o.....##.#####..#...####....
####....##..## ##..#### ##.#.
#..######..# #.## ###. ##.####
#..# #.##### ###.


You could see a tarantella.

Vanquished Creatures
  Frances (D:12)
  A frost giant (IceCv)
  Nessos (D:14)
  Snorg (D:14)
  2 ettins
  A fire dragon (D:15)
  An ogre mage (D:15)
  13 hydras
  6 two-headed ogres
  5 centaur warriors
  2 catoblepae
  7 death yaks
  2 unseen horrors
  A swamp dragon (shapeshifter) (D:14)
  A flayed ghost (D:9)
  A deep elf archer (D:14)
  A lindwurm (D:14)
  A wizard (D:14)
  4 wolf spiders
  5 deep elf magi
  2 orb spiders (Spider:1)
  9 cyclopes
  4 ugly things
  3 manticores
  9 elephants
  An ice statue (IceCv)
  3 black mambas
  The ghost of Lanoc the Geomancer, a novice GrEE of Ashenzari (D:6)
  8 spiny frogs
  A demonic crawler (Spider:1)
  A gargoyle (D:15)
  2 efreet
  A tengu conjurer (D:13)
  2 rime drakes
  An ice devil (Lair:2)
  A freezing wraith (D:13)
  7 komodo dragons
  A jumping spider (Spider:1)
  19 polar bears
  A queen bee (Lair:6)
  5 meliai
  4 trolls
  A snapping turtle (Lair:4)
  5 hornets
  8 hippogriffs
  14 blink frogs
  8 dream sheep
  7 slime creatures
  A redback (shapeshifter) (D:15)
  4 redbacks (Spider:1)
  A vampire (D:14)
  42 yaks
  4 wyverns
  6 spriggans (Lair:6)
  2 shadows
  A hog (Lair:3)
  A yak (shapeshifter) (D:14)
  6 wraiths
  3 hungry ghosts
  3 fire bats (D:9)
  6 vampire mosquitoes
  4 basilisks
  A warg (Orc:2)
  Menkaure (D:6)
  A soldier ant (D:14)
  5 water moccasins
  4 porcupines
  3 ice beasts
  An ice beast (shapeshifter) (D:14)
  2 black bears
  2 necrophages
  4 orc warriors
  2 phantoms
  29 wolves
  3 eyes of draining
  10 sky beasts
  14 ogres
  4 boggarts (Lair:6)
  15 centaurs
  13 crocodiles
  2 elf zombies (Ossuary)
  2 big kobolds
  13 bullfrogs
  A wyvern zombie (D:12)
  Blork the orc (D:4)
  4 scorpions
  A wyvern skeleton (D:14)
  20 killer bees
  19 wights
  4 jellies
  5 howler monkeys
  6 crimson imps
  2 quasits
  A bullfrog zombie (D:12)
  2 human zombies
  2 centaur zombies
  2 hounds
  11 orc priests
  5 centaur skeletons
  10 orc wizards
  3 bullfrog skeletons
  2 iguanas
  11 worker ants
  2 killer bee zombies
  2 big kobold zombies (Ossuary)
  A hound zombie (Ossuary)
  3 mummies (Ossuary)
  3 worker ant zombies
  Robin (D:3)
  7 gnolls
  13 adders
  A shadow imp (D:6)
  An ooze (D:6)
  An adder skeleton (D:7)
  5 adder zombies
  4 worms
  3 dart slugs
  10 leopard geckos
  31 orcs
  16 bats
  11 giant cockroaches
  18 goblins
  19 hobgoblins
  25 jackals
  15 kobolds
  4 quokkas
  4 frilled lizards
  4 goblin zombies (Ossuary)
  6 hobgoblin zombies (Ossuary)
  A jackal zombie (Ossuary)
  5 kobold zombies (Ossuary)
  4 quokka zombies (Ossuary)
  9 rats
  2 rat zombies
  6 fungi
  A plant (Lair:1)
751 creatures vanquished.

Vanquished Creatures (collateral kills)
  Saint Roka (Orc:2)
  A fire dragon (D:15)
  Erolcha (D:9)
  An ice dragon (D:15)
  A great orb of eyes (D:14)
  3 hydras
  5 two-headed ogres
  A death knight (D:15)
  2 centaur warriors
  4 orc high priests (Orc:2)
  A wizard (D:15)
  5 orc knights
  2 orb spiders (Spider:1)
  7 ugly things
  An orc sorcerer (Orc:1)
  3 deep elf magi
  A wolf spider (Spider:1)
  3 slime creatures
  A cyclops (D:13)
  2 elephants
  A black mamba (Lair:3)
  2 centaur zombies
  5 spiny frogs
  A gargoyle (D:14)
  A torpor snail (Lair:2)
  2 centaur skeletons
  An ice devil (Lair:2)
  An efreet (D:14)
  A tengu conjurer (D:14)
  A meliai (Lair:5)
  A troll (Orc:1)
  4 hornets (Lair:6)
  A raiju (shapeshifter) (D:14)
  8 blink frogs
  2 dream sheep
  4 hippogriffs
  A centaur simulacrum (D:14)
  7 spriggans (Lair:6)
  8 yaks
  2 wraiths
  A basilisk (Lair:1)
  2 redbacks (Spider:1)
  2 tarantellas (Spider:1)
  2 hogs (Spider:1)
  3 hungry ghosts
  9 vampire mosquitoes
  2 soldier ants
  2 wargs
  An acid dragon (D:14)
  4 water moccasins
  A swamp drake (shapeshifter) (D:14)
  2 porcupines
  18 orc warriors
  2 sky beasts
  A phantom (D:8)
  An eye of draining (D:13)
  2 ice beasts
  5 ogres
  4 black bears
  A centaur (D:9)
  6 wolves
  4 crocodiles
  7 bullfrogs
  A wyvern skeleton (D:9)
  3 wights
  5 killer bees
  2 howler monkeys
  2 crimson imps
  A wyvern simulacrum (D:14)
  6 orc wizards
  11 orc priests
  A gnoll (D:9)
  2 worms (Lair:3)
  A leopard gecko (D:10)
  10 orcs
  A giant cockroach (Lair:3)
  5 jackals
  3 fungi
  3 plants
239 creatures vanquished.

Vanquished Creatures (others)
  Nergalle (Lair:5)
  8 orc knights
  2 orc sorcerers (Orc:2)
  2 polar bears (IceCv)
  12 orc warriors
  2 yaks (IceCv)
  A hog (Spider:1)
  7 wolves (IceCv)
  11 orc wizards
  12 orc priests
  59 orcs
  5 bushes (Lair:6)
  35 fungi
  17 plants
174 creatures vanquished.

Grand Total: 1164 creatures vanquished

Notes
Turn   | Place    | Note
-------+----------+-------------------------------------------
     0 | D:1      | Gorice the Hill Orc Wanderer began the quest for the Orb.
     0 | D:1      | Gorice set off with: a +2 hand crossbow, 24 bolts, the Volume of Dark Arts, a scroll of teleportation {!r}, a +0 robe, a ration
     0 | D:1      | Reached XP level 1. HP: 16/16 MP: 3/3
     0 | D:1      | Identified the Volume of Dark Arts
    15 | D:1      | HP: 3/16 [kobold/whip (6)]
   288 | D:1      | Reached skill level 1 in Axes
   368 | D:1      | Reached skill level 2 in Axes
   397 | D:1      | Reached XP level 2. HP: 20/23 MP: 5/5
   413 | D:1      | HP: 5/23 [hobgoblin (3)]
   728 | D:1      | Reached skill level 3 in Axes
   745 | D:1      | Reached XP level 3. HP: 12/28 MP: 6/6
  1130 | D:1      | Reached skill level 4 in Axes
  1546 | D:1      | Reached XP level 4. HP: 35/35 MP: 7/7
  1748 | D:2      | Reached skill level 2 in Armour
  1818 | D:2      | Reached skill level 5 in Axes
  2118 | D:2      | Reached XP level 5. HP: 38/40 MP: 8/8
  2293 | D:2      | Found a burning altar of Makhleb.
  2433 | D:2      | Reached skill level 6 in Axes
  2766 | D:3      | Reached skill level 3 in Armour
  2776 | D:3      | Reached XP level 6. HP: 47/47 MP: 9/9
  2944 | D:3      | Noticed Robin
  2989 | D:3      | Killed Robin
  3240 | D:4      | Found a radiant altar of Vehumet.
  3280 | D:4      | Found a staircase to the Ecumenical Temple.
  3328 | D:4      | Became a worshipper of Beogh the Brigand
  3484 | D:4      | Reached skill level 7 in Axes
  3604 | D:4      | Noticed Blork the orc
  3614 | D:4      | Killed Blork the orc
  3645 | D:4      | HP: 14/47 [poisoned by a worker ant]
  3651 | D:4      | HP: 12/47 [worker ant (5)]
  3658 | D:4      | HP: 9/47 [poisoned by a worker ant]
  3664 | D:4      | HP: 8/47 [poisoned by a worker ant]
  3664 | D:4      | HP: 2/47 [worker ant (6)]
  3672 | D:4      | HP: 8/47 [worker ant (3)]
  4166 | D:4      | Reached XP level 7. HP: 48/52 MP: 10/10
  4190 | D:4      | Reached skill level 8 in Axes
  4190 | D:4      | Reached skill level 4 in Armour
  4554 | Temple   | Entered the Ecumenical Temple
  4811 | D:5      | Entered Level 5 of the Dungeon
  5092 | D:5      | Identified the Handbook of Doomed Orientation
  5139 | D:5      | Reached skill level 9 in Axes
  5152 | D:5      | Reached skill level 5 in Armour
  5196 | D:5      | Reached XP level 8. HP: 56/59 MP: 11/11
  5227 | D:5      | Reached * piety under Beogh
  5312 | D:5      | Reached skill level 10 in Axes
  5620 | D:5      | Got a steaming chain mail
  5631 | D:5      | Identified the +6 chain mail of Parts Unknown {-Cast rC+ MR++} (You found it on level 5 of the Dungeon)
  5700 | D:6      | Noticed Lanoc's ghost (novice GrEE)
  5811 | D:6      | Killed Lanoc's ghost
  5811 | D:6      | Reached skill level 11 in Axes
  5811 | D:6      | Reached skill level 6 in Armour
  5845 | D:6      | Noticed Menkaure
  5859 | D:6      | Killed Menkaure
  6147 | D:6      | Reached XP level 9. HP: 52/64 MP: 12/12
  6394 | D:6      | Reached skill level 12 in Axes
  6409 | D:6      | Found a stormy altar of Qazlal.
  6440 | D:6      | Reached skill level 7 in Armour
  6478 | D:6      | Reached ** piety under Beogh
  6540 | D:6      | Found Dasuh's Book Boutique.
  7056 | D:7      | Reached skill level 13 in Axes
  7140 | D:7      | HP: 17/64 [ogre/giant club (14)]
  7151 | D:7      | HP: 12/64 [human zombie (2)]
  7152 | D:7      | Reached skill level 8 in Armour
  7188 | D:7      | HP: 16/64 [black bear (3)]
  7201 | D:7      | HP: 14/64 [hippogriff (4)]
  7206 | D:7      | HP: 18/64 [hippogriff (3)]
  7210 | D:7      | HP: 6/64 [hippogriff (5)]
  7336 | D:7      | Found a sand-covered staircase.
  7349 | Ossuary  | Entered an ossuary
  7597 | Ossuary  | Reached *** piety under Beogh
  7627 | Ossuary  | Reached skill level 14 in Axes
  7693 | Ossuary  | Reached XP level 10. HP: 71/71 MP: 13/13
  8112 | D:7      | Reached skill level 1 in Invocations
  8250 | D:7      | Reached skill level 2 in Invocations
  8720 | D:7      | Upgraded the game from 0.22-a0-32-ga749362 to 0.22-a0-40-g3d2f077
  8735 | D:8      | Reached skill level 9 in Armour
  8839 | D:8      | Reached skill level 3 in Invocations
  8873 | D:8      | Reached **** piety under Beogh
  8955 | D:8      | Found an ornate altar of the Wu Jian Council.
  9056 | D:8      | Found a staircase to the Lair.
  9374 | Lair:1   | Entered Level 1 of the Lair of Beasts
  9390 | Lair:1   | Reached skill level 15 in Axes
  9528 | Lair:1   | Noticed a five-headed hydra
  9533 | Lair:1   | Killed a five-headed hydra
  9533 | Lair:1   | Reached skill level 4 in Invocations
  9607 | Lair:1   | Noticed a spiny frog
  9609 | Lair:1   | Killed a spiny frog
  9617 | Lair:1   | Reached skill level 5 in Invocations
  9851 | Lair:1   | Noticed a five-headed hydra
  9863 | Lair:1   | Killed a five-headed hydra
  9863 | Lair:1   | Reached skill level 16 in Axes
  9863 | Lair:1   | Reached XP level 11. HP: 58/77 MP: 15/15
  9901 | Lair:1   | Reached skill level 10 in Armour
  9901 | Lair:1   | Reached skill level 6 in Invocations
  9984 | Lair:1   | Got a pitted trident
 10107 | Lair:1   | Reached skill level 2 in Fighting
 10153 | Lair:1   | Noticed a death yak
 10164 | Lair:1   | Killed a death yak
 10164 | Lair:1   | Reached skill level 3 in Fighting
 10172 | Lair:1   | Reached skill level 7 in Invocations
 10808 | Lair:2   | Reached skill level 4 in Fighting
 10808 | Lair:2   | HP: 25/84 [yak[a torpor snail] (4)]
 10814 | Lair:2   | HP: 20/84 [yak[a torpor snail] (1)]
 10820 | Lair:2   | HP: 15/84 [yak[a torpor snail] (6)]
 10863 | Lair:2   | Noticed Nergalle
 10867 | Lair:2   | Noticed a six-headed hydra
 10873 | Lair:2   | Killed a six-headed hydra
 11113 | Lair:2   | Found a frozen archway.
 11121 | Lair:2   | Reached skill level 8 in Invocations
 11134 | IceCv    | Entered an ice cave
 11159 | IceCv    | Reached skill level 5 in Fighting
 11612 | IceCv    | Reached skill level 11 in Armour
 11612 | IceCv    | Gained Marbork as an ally
 11626 | IceCv    | Your ally Marbork died
 12015 | IceCv    | Reached XP level 12. HP: 89/95 MP: 18/18
 12034 | IceCv    | HP: 25/95 [polar bear (6)]
 12035 | IceCv    | Reached skill level 6 in Fighting
 12051 | IceCv    | Reached skill level 9 in Invocations
 12816 | IceCv    | Noticed a frost giant
 13139 | IceCv    | Reached skill level 7 in Fighting
 13975 | IceCv    | Killed a frost giant
 13975 | IceCv    | Reached skill level 17 in Axes
 13998 | IceCv    | Got a slimy wooden ring
 14000 | IceCv    | Identified the ring "Zusugi" {Ice Int+3} (You found it in an ice cave)
 14094 | Lair:2   | Reached skill level 10 in Invocations
 14281 | Lair:2   | Reached skill level 12 in Armour
 14287 | Lair:2   | Reached skill level 8 in Fighting
 14852 | Lair:3   | Reached XP level 13. HP: 81/108 MP: 21/21
 14865 | Lair:3   | Found a hole to the Spider Nest.
 14885 | Lair:3   | Gained Argrim as an ally
 15066 | Lair:3   | Reached skill level 11 in Invocations
 15066 | Lair:3   | Your ally Argrim died
 15080 | Lair:3   | Reached skill level 9 in Fighting
 16604 | Lair:4   | Found a staircase to the Shoals.
 16675 | Lair:4   | Reached ***** piety under Beogh
 17196 | Lair:5   | Reached skill level 18 in Axes
 17363 | Lair:5   | Reached skill level 12 in Invocations
 17518 | Lair:5   | Reached skill level 13 in Armour
 17521 | Lair:5   | Reached skill level 10 in Fighting
 17578 | Lair:5   | Found a staircase to the Slime Pits.
 17609 | Lair:5   | Reached skill level 2 in Evocations
 17622 | Lair:5   | Your ally died
 17640 | Lair:5   | HP: 32/113 [killer bee (6)]
 17645 | Lair:5   | HP: 29/113 [poisoned by a killer bee]
 17650 | Lair:5   | HP: 27/113 [poisoned by a killer bee]
 17655 | Lair:5   | HP: 26/113 [poisoned by a killer bee]
 17661 | Lair:5   | HP: 26/113 [poisoned by a killer bee]
 17669 | Lair:5   | HP: 26/113 [poisoned by a killer bee]
 18312 | Lair:5   | Identified a scroll of acquirement
 18732 | Lair:6   | Entered Level 6 of the Lair of Beasts
 19131 | Lair:6   | Reached skill level 3 in Evocations
 19389 | Lair:5   | Reached XP level 14. HP: 116/122 MP: 23/23
 19600 | Lair:5   | HP: 30/122 [death yak (15)]
 19942 | Lair:5   | Reached skill level 4 in Evocations
 20291 | Lair:6   | Reached skill level 11 in Fighting
 21049 | Lair:6   | Reached skill level 5 in Evocations
 21161 | Lair:6   | HP: 34/124 [spriggan/dagger (7)]
 21729 | Lair:6   | Paralysed by a hornet for 2 turns
 21740 | Lair:6   | Gained Oruk as an ally
 21755 | Lair:6   | Reached skill level 19 in Axes
 21881 | Lair:6   | Reached skill level 14 in Armour
 22262 | Lair:6   | Got a translucent morningstar
 22714 | D:9      | Found a deep blue altar of Sif Muna.
 22809 | D:9      | Found a sacrificial altar of Ru.
 22828 | D:9      | Found a runed door.
 22830 | D:9      | Found a shimmering altar of Xom.
 22846 | D:9      | Found a sacrificial altar of Ru.
 22891 | D:9      | Found a shadowy altar of Dithmenos.
 22940 | D:9      | Found a sparkling altar of Nemelex Xobeh.
 22968 | D:9      | Reached skill level 6 in Evocations
 23008 | D:9      | Found a hide-covered altar of Uskayaw.
 23063 | D:9      | Found a staircase to the Orcish Mines.
 23264 | D:9      | Reached skill level 12 in Fighting
 23273 | D:9      | Found a shimmering altar of Xom.
 23281 | D:9      | Found a hazy altar of Hepliaklqana.
 23281 | D:9      | Found a shadowy altar of Dithmenos.
 23285 | D:9      | Found a basalt altar of Yredelemnul.
 23285 | D:9      | Found a blossoming altar of Fedhas.
 23392 | D:9      | Noticed Erolcha
 23395 | D:9      | Killed Erolcha
 23460 | D:9      | Found a white marble altar of Elyvilon.
 23667 | D:10     | Entered Level 10 of the Dungeon
 23763 | D:10     | Gained Hawl as an ally
 23825 | D:10     | Found Ynkagan's Magic Scroll Boutique.
 25055 | D:11     | Reached XP level 15. HP: 111/133 MP: 24/24
 25498 | D:11     | Found Usyitapn's Assorted Antiques.
 25590 | D:11     | Gained Oruk as an ally
 26050 | D:11     | Reached ****** piety under Beogh
 26662 | Orc:1    | Entered Level 1 of the Orcish Mines
 26662 | Orc:1    | Found a radiant altar of Vehumet.
 26731 | Orc:1    | HP: 40/134 [ettin/dire flail (19)]
 27236 | Orc:2    | Entered Level 2 of the Orcish Mines
 27236 | Orc:2    | Found a roughly hewn altar of Beogh.
 27245 | Orc:2    | Found a staircase to the Elven Halls.
 27329 | Orc:2    | Reached skill level 7 in Evocations
 27405 | Orc:2    | Noticed Saint Roka
 27418 | Orc:2    | HP: 36/134 [Saint Roka/divine providence (8)]
 27424 | Orc:2    | Your ally Oruk died
 27424 | Orc:2    | Killed Saint Roka
 27425 | Orc:2    | Gained Berold as an ally
 27716 | Orc:2    | Gained Jorge as an ally
 27722 | Orc:2    | Your ally Jorge died
 27727 | Orc:2    | Your ally Hawl died
 27737 | Orc:2    | Found Wualalui's Armour Emporium.
 27737 | Orc:2    | Found Waewung's Antique Weapon Emporium.
 27738 | Orc:2    | Found Rely's Antique Weapon Emporium.
 27738 | Orc:2    | Found Onyu's Antique Armour Shoppe.
 27794 | Orc:2    | Bought a shiny helmet for 277 gold pieces
 27794 | Orc:2    | Bought a pair of embroidered gloves for 277 gold pieces
 27817 | Orc:2    | Bought the +2 pair of boots of the Assassin {Detection Stab+ Stlth++} for 960 gold pieces
 27817 | Orc:2    | Found the +2 pair of boots of the Assassin {Detection Stab+ Stlth++}
 28118 | Orc:2    | Identified the +9 morningstar of the Apocalypse {flame, +Fly rF- Int+7} (You found it on level 6 of the Lair of Beasts)
 29206 | D:12     | Reached skill level 13 in Fighting
 29375 | D:12     | Noticed Frances
 29387 | D:12     | Killed Frances
 29404 | D:12     | Reached skill level 15 in Armour
 29858 | D:13     | Found a shattered altar of Ashenzari.
 30106 | D:13     | Reached skill level 8 in Evocations
 30168 | D:13     | Reached skill level 20 in Axes
 30173 | D:13     | HP: 34/136 [cyclops (11)]
 30180 | D:13     | HP: 24/136 [cyclops/large rock (10)]
 30751 | D:13     | Gained Ortolf as an ally
 30755 | D:13     | Your ally Ortolf died
 31525 | D:14     | Found Tiafauh's Antique Armour Boutique.
 31624 | D:14     | Noticed Snorg
 31638 | D:14     | Killed Snorg
 31692 | D:14     | Gained Grimold as an ally
 31694 | D:14     | Got a glittering tin ring
 31745 | D:14     | Found a gate to the Vaults.
 31964 | D:14     | Reached XP level 16. HP: 131/145 MP: 23/25
 31974 | D:14     | Reached skill level 9 in Evocations
 32004 | D:14     | Reached skill level 14 in Fighting
 32159 | D:14     | Identified the ring "Gecwuj" {rN+ Dex+2} (You took it off a deep elf mage on level 14 of the Dungeon)
 32204 | D:14     | Your ally Grimold died
 32593 | D:14     | Noticed Nessos
 32603 | D:14     | Killed Nessos
 32861 | D:15     | Entered Level 15 of the Dungeon
 32877 | D:15     | Gained Okrist as an ally
 32924 | D:15     | HP: 35/147 [two-headed ogre/giant club (13)]
 32926 | D:15     | Reached skill level 16 in Armour
 32968 | D:15     | HP: 39/147 [orc priest/divine providence[an orc knight] (11)]
 33040 | D:15     | HP: 35/147 [ice dragon/blast of cold (15)]
 33050 | D:15     | HP: 37/147 [ice dragon (1)]
 33051 | D:15     | Reached skill level 10 in Evocations
 33603 | D:15     | Found a roughly hewn altar of Beogh.
 34197 | D:15     | Reached skill level 15 in Fighting
 34511 | D:15     | Found a staircase to the Depths.
 34824 | Spider:1 | Entered Level 1 of the Spider Nest
 35046 | Spider:1 | Paralysed by a hornet for 3 turns
 35084 | Spider:1 | HP: 43/149 [wolf spider (3)]
 35089 | Spider:1 | Your ally Okrist died
 35093 | Spider:1 | HP: 21/149 [wolf spider (9)]
 35098 | Spider:1 | HP: 18/149 [wolf spider (8)]
 35511 | Lair:3   | HP: 40/149 [wolf spider (13)]
 35514 | Lair:3   | HP: 19/149 [wolf spider (6)]
 35518 | Lair:3   | HP: 3/149 [tarantella (10)]
 35518 | Lair:3   | Slain by a tarantella

Vault maps used:
D:1:      dpeg_arrival_renting
D:2:      lightli_temple_of_fire
D:3:      uniq_robin
D:4:      vehumet_altar_wand_db, temple_doors_e, serial_co_window_serial,
          co_window_corner_a, co_window_paths_a, co_window_of_opportunity_a,
          co_window_corner_a, co_window_corner_a, co_window_broadway_b,
          co_window_2corner, co_window_broadway_c, co_window_paths_c,
          co_window_of_opportunity_b, co_window_unsneaky_path_d, first_ration,
          uniq_blork_the_orc
D:6:      marbit_many_paths, serial_shops, nicolae_shop_crystal, abandoned_shop,
          uniq_menkaure
D:7:      enter_ossuary_3
D:8:      old_standard_altar, lair_entry_dummy, grunt_ogre_cave,
          grunt_ministairs_10, kennysheep_generic_room_10
D:9:      due_megacathedral, old_standard_altar, lemuel_doored_altar,
          grunt_temple_overflow_open, orc_0_dummy, uniq_erolcha
D:10:     serial_shops, nicolae_shop_behind_doors
D:11:     serial_shops, nicolae_shop_trees
D:12:     nrook_mini_vaults, uniq_frances
D:13:     basic_altar
D:14:     minmay_the_grid_square_5x5_4x4_mashed, david_vaults_4, serial_shops,
          kennysheep_mini, grunt_decor_cap, uniq_nessos, uniq_snorg
D:15:     grunt_enter_depths_hoard, hangedman_abyss_or_decor_clamps,
          special_room, billiards_dpeg
Temple:   minmay_temple_curvy_loop
Lair:1:   hangedman_lair_generics_rect
Lair:2:   nicolae_volcano_entry_s_turn, portal_ice_cave_demonic_guard,
          lemuel_fruit_tree, serial_bayou_shore_a, uniq_nergalle
Lair:3:   nicolae_spider_entry_non_spiders
Lair:4:   minmay_shoals_entry_hut, grunt_megastairs_2
Lair:5:   slime_dummy, infiniplex_staircase_pool_2
Lair:6:   minmay_lair_end_enchanted_forest
Spider:1: spider_trap, uniq_kirke, uniq_roxanne, uniq_nikola
Orc:1:    basic_altar
Orc:2:    st_orc_pillars, basic_altar, uniq_saint_roka
Ossuary:  minmay_ossuary_two_tombs
IceCv:    ice_cave_caverns_02

Skill      XL: |  1  2  3  4  5  6  7  8  9 10 11 12 13 14 15 16 |
---------------+-------------------------------------------------+-----
Axes           | 2 3 4 5 6 7 9 11 14 16 17 18 19 20 | 20.0
Armour         | 2 3 5 6 8 9 11 12 13 14 15 16 | 16.0
Invocations    | 5 8 10 12 | 12.0
Fighting       | 5 8 10 12 13 15 | 15.4
Evocations     | 3 6 8 10 | 10.9
Crossbows      | |  1.3
Shields        | |  1.1
Spellcasting   | |  2.4
Transmutations | |  1.0
Fire Magic     | |  1.1

Action                   |  1- 3 |  4- 6 |  7- 9 | 10-12 | 13-15 | 16-18 || total
-------------------------+-------+-------+-------+-------+-------+-------++-------
Melee: Hand axe          |   143 |   210 |       |       |       |       ||   353
       War axe           |       |    15 |   429 |   285 |       |       ||   729
       Battleaxe         |       |       |       |   358 |  1088 |   303 ||  1749
 Fire: Hand crossbow     |    31 |    78 |    72 |   105 |   183 |    26 ||   495
Throw: Stone             |     1 |     1 |       |       |       |       ||     2
       Tomahawk          |       |       |     2 |       |       |       ||     2
       Throwing net      |       |       |       |       |     1 |       ||     1
Invok: Convert to Beogh  |       |     1 |       |       |       |       ||     1
       Smiting           |       |       |       |    11 |    18 |     9 ||    38
       Recall Orcish Fol |       |       |       |       |     2 |       ||     2
       Give Item to Name |       |       |       |       |     2 |       ||     2
Evoke: Wand              |       |     4 |       |     3 |    10 |     2 ||    19
       Lightning rod     |       |       |       |     3 |       |       ||     3
  Use: Scroll            |       |    13 |     5 |     7 |     9 |     4 ||    38
       Potion            |       |     2 |     1 |     1 |     1 |     1 ||     6
 Stab: Distracted        |       |       |       |     5 |    10 |     2 ||    17
       Confused          |       |       |       |     1 |       |       ||     1
       Petrifying        |       |       |       |       |     2 |       ||     2
       Petrified         |       |       |       |       |     1 |       ||     1
  Eat: Chunk             |     2 |     6 |    10 |    17 |    73 |    10 ||   118
       Ration            |       |     1 |       |     3 |       |       ||     4
Armor: Robe              |    29 |       |       |       |       |       ||    29
       Chain mail        |    78 |   213 |   286 |   452 |   939 |   280 ||  2248
Dodge: Dodged            |   106 |    95 |   133 |   236 |   430 |   146 ||  1146

Table legend:
 A = Spawn XP
 B = Non-spawn XP
 C = Spawn XP percentage of total XP
 D = Spawn monster count
 E = Non-spawn monster count
 F = Spawn count percentage of total count
 G = Total turns spent on level
                    A         B        C        D         E        F      G
               +---------+---------+-------+---------+---------+-------+---------
         Total |       0 |  170778 |   0.0 |       0 |     977 |   0.0 | 35518
               +---------+---------+-------+---------+---------+-------+---------
           D:1 |       0 |      85 |   0.0 |       0 |      47 |   0.0 |  1707
           D:2 |       0 |     186 |   0.0 |       0 |      37 |   0.0 |  1008
           D:3 |       0 |     127 |   0.0 |       0 |      36 |   0.0 |   522
           D:4 |       0 |     384 |   0.0 |       0 |       9 |   0.0 |  1359
           D:5 |       0 |     729 |   0.0 |       0 |      30 |   0.0 |   958
           D:6 |       0 |    1768 |   0.0 |       0 |      32 |   0.0 |  1252
           D:7 |       0 |    2110 |   0.0 |       0 |      34 |   0.0 |  1106
           D:8 |       0 |     852 |   0.0 |       0 |      19 |   0.0 |   936
           D:9 |       0 |    5423 |   0.0 |       0 |      51 |   0.0 |  1304
          D:10 |       0 |    2606 |   0.0 |       0 |      18 |   0.0 |  1225
          D:11 |       0 |    5166 |   0.0 |       0 |      40 |   0.0 |  1808
          D:12 |       0 |    9028 |   0.0 |       0 |      30 |   0.0 |  1442
          D:13 |       0 |   10091 |   0.0 |       0 |      37 |   0.0 |  1412
          D:14 |       0 |   21711 |   0.0 |       0 |      62 |   0.0 |  1399
          D:15 |       0 |   20840 |   0.0 |       0 |      66 |   0.0 |  1458
        Lair:1 |       0 |    5982 |   0.0 |       0 |      26 |   0.0 |  1608
        Lair:2 |       0 |    8036 |   0.0 |       0 |      36 |   0.0 |  1204
        Lair:3 |       0 |    7204 |   0.0 |       0 |      37 |   0.0 |  1458
        Lair:4 |       0 |    6207 |   0.0 |       0 |      29 |   0.0 |  1759
        Lair:5 |       0 |   14393 |   0.0 |       0 |      57 |   0.0 |  2007
        Lair:6 |       0 |   19568 |   0.0 |       0 |      88 |   0.0 |  2761
      Spider:1 |       0 |    5339 |   0.0 |       0 |      20 |   0.0 |   285
         Orc:1 |       0 |    2649 |   0.0 |       0 |      12 |   0.0 |   800
         Orc:2 |       0 |   10086 |   0.0 |       0 |      47 |   0.0 |   979
       Ossuary |       0 |     451 |   0.0 |       0 |      35 |   0.0 |   652
         IceCv |       0 |    9757 |   0.0 |       0 |      42 |   0.0 |  2894
               +---------+---------+-------+---------+---------+-------+---------

Table legend:
 A = Turns spent in this place as a percentage of turns spent in the entire game.
 B = Non-inter-level travel turns spent in this place as a percentage of non-inter-level travel turns spent in the entire game.
 C = Inter-level travel turns spent in this place as a percentage of turns spent in this place.
 D = Turns resting spent in this place as a percentage of non-inter-level travel turns spent in this place.
 E = Turns spent auto-exploring this place as a percentage of non-inter-level travel turns spent in this place.
 F = Non-inter-level travel turns spent in this place divided by the number of levels of this place that you've seen.
                   A       B       C       D       E      F
               +-------+-------+-------+-------+-------+----------------------
         Total | 100.0 | 100.0 |   5.4 |  34.6 |  29.4 | 1244.0
       Dungeon |  53.2 |  52.8 |   6.2 |  26.4 |  36.9 | 1181.5
        Temple |   0.6 |   0.6 |  10.7 |   0.0 |  98.4 | 192.0
          Lair |  30.4 |  30.4 |   5.5 |  40.4 |  24.9 | 1700.3
   Spider Nest |   0.8 |   0.8 |   0.0 |  41.4 |   1.1 | 285.0
  Orcish Mines |   5.0 |   4.9 |   7.8 |  37.3 |  30.7 | 820.0
       Ossuary |   1.8 |   1.9 |   0.0 |  55.4 |   3.8 | 652.0
      Ice Cave |   8.1 |   8.6 |   0.0 |  60.1 |   3.4 | 2894.0
               +-------+-------+-------+-------+-------+----------------------

Vault maps used:
D:1:      dpeg_arrival_renting
D:2:      lightli_temple_of_fire
D:3:      uniq_robin
D:4:      vehumet_altar_wand_db, temple_doors_e, serial_co_window_serial,
          co_window_corner_a, co_window_paths_a, co_window_of_opportunity_a,
          co_window_corner_a, co_window_corner_a, co_window_broadway_b,
          co_window_2corner, co_window_broadway_c, co_window_paths_c,
          co_window_of_opportunity_b, co_window_unsneaky_path_d, first_ration,
          uniq_blork_the_orc
D:6:      marbit_many_paths, serial_shops, nicolae_shop_crystal, abandoned_shop,
          uniq_menkaure
D:7:      enter_ossuary_3
D:8:      old_standard_altar, lair_entry_dummy, grunt_ogre_cave,
          grunt_ministairs_10, kennysheep_generic_room_10
D:9:      due_megacathedral, old_standard_altar, lemuel_doored_altar,
          grunt_temple_overflow_open, orc_0_dummy, uniq_erolcha
D:10:     serial_shops, nicolae_shop_behind_doors
D:11:     serial_shops, nicolae_shop_trees
D:12:     nrook_mini_vaults, uniq_frances
D:13:     basic_altar
D:14:     minmay_the_grid_square_5x5_4x4_mashed, david_vaults_4, serial_shops,
          kennysheep_mini, grunt_decor_cap, uniq_nessos, uniq_snorg
D:15:     grunt_enter_depths_hoard, hangedman_abyss_or_decor_clamps,
          special_room, billiards_dpeg
Temple:   minmay_temple_curvy_loop
Lair:1:   hangedman_lair_generics_rect
Lair:2:   nicolae_volcano_entry_s_turn, portal_ice_cave_demonic_guard,
          lemuel_fruit_tree, serial_bayou_shore_a, uniq_nergalle
Lair:3:   nicolae_spider_entry_non_spiders
Lair:4:   minmay_shoals_entry_hut, grunt_megastairs_2
Lair:5:   slime_dummy, infiniplex_staircase_pool_2
Lair:6:   minmay_lair_end_enchanted_forest
Spider:1: spider_trap, uniq_kirke, uniq_roxanne, uniq_nikola
Orc:1:    basic_altar
Orc:2:    st_orc_pillars, basic_altar, uniq_saint_roka
Ossuary:  minmay_ossuary_two_tombs
IceCv:    ice_cave_caverns_02
